 Dungeon Crawl Stone Soup version 0.19.1 (webtiles) character file.

403 artanisace the Agent of Entropy (level 6, -2/47 HPs)
             Began as a Demonspawn Abyssal Knight on Nov 23, 2016.
             Was a Priest of Lugonu.
             Slain by a gnoll
             ... wielding a +0 flail
              (12 damage)
             ... on level 3 of the Dungeon.
             The game lasted 00:13:41 (5032 turns).

artanisace the Agent of Entropy (DsAK)              Turns: 5032, Time: 00:13:42

Health: -2/47      AC:  8    Str: 15    XL:     6   Next: 55%
Magic:  11/11      EV: 10    Int: 13    God:    Lugonu [***...]
Gold:   83         SH:  0    Dex: 12    Spells: 0 memorised, 5 levels left

rFire  . . .     SeeInvis .     b - -2 flail (curse)
rCold  + + .     Gourm    .     q - +1 ring mail {rC+}
rNeg   . . .     Faith    .     (no shield)
rPois  .         Spirit   .     (no helmet)
rElec  .         Reflect  .     (no cloak)
rCorr  .         Harm     .     (no gloves)
MR     .....                    (no boots)
Stlth  +.........               (no amulet)
                                (no ring)
                                (no ring)

@: no status effects
A: claws 1, slimy green scales 1, cold resistance 1
a: Depart the Abyss, Bend Space, Banish, Renounce Religion


You were on level 3 of the Dungeon.
You worshipped Lugonu.
Lugonu was most pleased with you.
You were not hungry.

You visited 1 branch of the dungeon, and saw 4 of its levels.
You visited the Abyss 1 time.

You collected 83 gold pieces.

Inventory:

Hand Weapons
 a - a +1 mace
 b - a cursed -2 flail (weapon)
 g - a +3 mace of venom
Missiles
 c - 2 throwing nets (quivered)
Armour
 m - a cursed +0 leather armour
 n - a +0 leather armour of cold resistance
 q - a +1 ring mail of cold resistance (worn)
Scrolls
 d - 2 scrolls of recharging
 e - 2 scrolls of magic mapping
 h - a scroll of fog
Potions
 f - a potion of cancellation {unknown}
 j - a potion of cure mutation
 l - 3 potions of might
Comestibles
 k - 2 meat rations
 p - a bread ration


   Skills:
 - Level 3.0 Fighting
 + Level 4.6 Maces & Flails
 - Level 1.7 Armour
 - Level 0.8 Dodging
 + Level 6.8 Invocations


You had 5 spell levels left.
You didn't know any spells.

Dungeon Overview and Level Annotations

Branches:
Dungeon (4/15)
 Temple: D:4-7

Altars:
Gozag


Innate Abilities, Weirdness & Mutations

You have sharp fingernails.
You are partially covered in slimy green scales. (AC +2)
Your flesh is cold resistant. (rC+)


Message History

The gnoll hits you but does no damage.
You hit the gnoll.
The gnoll is lightly wounded.
The gnoll hits you but does no damage. The gnoll hits you with a flail.
The gnoll hits you from afar with a spear.
The gnoll hits you with a flail.
You climb upwards.
There is a stone staircase leading down here.
You hit the gnoll.
The gnoll is heavily wounded.
The gnoll completely misses you.
You hit the gnoll.
The gnoll is severely wounded.
The gnoll hits you with a flail.
* * * LOW HITPOINT WARNING * * *
You are too injured to fight recklessly!
You closely miss the gnoll.
The gnoll is severely wounded.
The gnoll hits you with a flail!
You die...

#...##.# #.# # ##..##.# #.#
#############..##.#######.#
#..........##..##.........#
#.....####.###.############
#.....# #.........<#
##.###########..#####
............###.###########
##.########.# #g@......)..#
#.########.#############.#
#.##..........##....#..#.#
##.##.#####.##.##.......#.#
..........#.#........#.##.#####
##.##.###.#.#....#............#
......#...#.#.#<.#.#..(##.#.###
.#.#..#.###.#.####.#....#.#.#
.#)#........#....#.#....#.#.#


You could see a gnoll.

Vanquished Creatures
  3 orc wizards (D:3)
  Jessica (D:2)
  Ijyb (D:2)
  Natasha (thrice) (D:3)
  5 adders
  4 gnolls (D:3)
  6 worms
  3 dart slugs (D:1)
  5 leopard geckos
  12 orcs (D:3)
  A ball python (D:3)
  5 bats
  4 giant cockroaches
  11 goblins
  8 hobgoblins
  3 frilled lizards
  5 kobolds
  5 rats (D:1)
85 creatures vanquished.

Notes
Turn   | Place    | Note
-------+----------+-------------------------------------------
     0 | Abyss:1  | artanisace the Demonspawn Abyssal Knight began the quest for the Orb.
     0 | Abyss:1  | Reached XP level 1. HP: 18/18 MP: 2/2
    37 | D:1      | Escaped the Abyss
   161 | D:1      | Reached skill level 3 in Invocations
   380 | D:1      | Gained mutation: You are partially covered in slimy green scales. (AC +2) [demonic ancestry]
   380 | D:1      | Reached XP level 2. HP: 24/24 MP: 4/4
   598 | D:1      | Reached ** piety under Lugonu
   961 | D:1      | Gained mutation: You have sharp fingernails. [demonic ancestry]
   961 | D:1      | Reached XP level 3. HP: 29/29 MP: 5/5
  1024 | D:2      | Noticed Jessica
  1089 | D:2      | Reached skill level 4 in Invocations
  1914 | D:1      | Gained mutation: Your flesh is cold resistant. (rC+) [demonic ancestry]
  1914 | D:1      | Reached XP level 4. HP: 13/35 MP: 7/7
  2666 | D:2      | Killed Jessica
  2666 | D:2      | Reached skill level 5 in Invocations
  2852 | D:2      | Noticed Ijyb
  2866 | D:2      | Killed Ijyb
  2866 | D:2      | Reached XP level 5. HP: 41/41 MP: 7/9
  3126 | D:3      | Noticed Natasha
  3135 | D:3      | Killed Natasha
  3597 | D:3      | Reached skill level 6 in Invocations
  3854 | D:3      | Reached XP level 6. HP: 43/47 MP: 10/10
  3953 | D:3      | Reached *** piety under Lugonu
  4187 | D:3      | Noticed Natasha
  4194 | D:3      | Killed Natasha
  4370 | D:3      | Noticed Natasha
  4379 | D:3      | Killed Natasha
  4655 | D:3      | Found an opulent altar of Gozag.
  5032 | D:3      | Slain by a gnoll

Skill      XL: |  1  2  3  4  5 |
---------------+----------------+-----
Maces & Flails | 2 3 4 |  4.6
Invocations    | 3 4 5 6 |  6.8
Fighting       | |  3.0
Armour         | |  1.7
Dodging        | |  0.8

Action                   |  1- 3 |  4- 6 || total
-------------------------+-------+-------++-------
Melee: Mace              |   130 |   121 ||   251
       Flail             |       |   102 ||   102
Throw: Throwing net      |       |     4 ||     4
  Use: Scroll            |     6 |     6 ||    12
       Potion            |       |     1 ||     1
  Eat: Chunk             |     2 |     7 ||     9
       Bread ration      |     1 |       ||     1
Armor: Leather armour    |    17 |       ||    17
       Ring mail         |    28 |    83 ||   111
Dodge: Dodged            |    87 |   107 ||   194
